 Dungeon Sprint DCSS version 0.18.1-48-g4cf74bf (webtiles) character file.

294 Joat the Martial Artist (level 6, -8/46 HPs)
             Began as a Demonspawn Gladiator on July 28, 2016.
             Mangled by a slime creature (13 damage)
             ... in the Dungeon (Sprint I: "Red Sonja").
             The game lasted 00:06:06 (590 turns).

Joat the Martial Artist (Demonspawn Gladiator)       Turns: 590, Time: 00:06:07

Health: -8/46      AC:  5    Str: 15    XL:     6   Next: 11%
Magic:  6/6        EV: 13    Int: 10    God:
Gold:   297        SH:  0    Dex: 15    Spells: 0 memorised, 5 levels left

rFire  . . .     SeeInvis .       - Unarmed
rCold  . . .     Gourm    .     m - +2 robe {MR+}
rNeg   . . .     Faith    .     (no shield)
rPois  .         Spirit   .     c - +0 helmet
rElec  .         Dismiss  .     (no cloak)
rCorr  .         Reflect  .     (no gloves)
SustAt .         Harm     .     (no boots)
MR     +....     NoTele   +     (no amulet)
Stlth  +.........               (no ring)
                                (no ring)

@: somewhat resistant to hostile enchantments, very unstealthy
A: talons 2, rot immunity
a: no special abilities


You were in the Dungeon.
You were not hungry.

You visited 1 branch You collected 297 gold pieces.

Inventory:

Hand Weapons
 a - a +0 long sword
 l - a +0 scythe
Missiles
 d - 3 throwing nets (quivered)
Armour
 b - a +0 leather armour
 c - a +0 helmet (worn)
 m - a +2 robe of magic resistance (worn)
Scrolls
 j - a scroll of remove curse {unknown}
 k - a scroll of blinking
Potions
 e - a potion of curing
 g - a potion of heal wounds
 h - a potion of haste
 i - 2 potions of magic
 n - a potion of mutation {unknown}
Comestibles
 f - a bread ration


   Skills:
 + Level 2.6 Fighting
 - Level 5.9 Long Blades
 - Level 1.7 Throwing
 + Level 0.0 Armour
 + Level 2.6 Dodging
 * Level 10.2 Unarmed Combat


You had 5 spell levels left.
You didn't know any spells.

Dungeon Overview and Level Annotations

Branches:
Dungeon (1/1)

Altars:
Cheibriados
Dithmenos
Fedhas
Sif Muna
Vehumet
Jiyva


Innate Abilities, Weirdness & Mutations

You have razor-sharp toenails.
You are immune to rotting.


Message History

The slime creature barely misses you.
You barely miss the slime creature.
The slime creature is moderately wounded.
The slime creature hits you!
You punch the slime creature!
The slime creature is heavily wounded.
The slime creature completely misses you.
You punch the slime creature!
The slime creature is severely wounded.
The slime creature hits you but does no damage.
You hit the slime creature. Your kick misses the slime creature.
The slime creature is severely wounded.
You hit the slime creature. You claw the slime creature.
The slime creature is severely wounded.
The slime creature hits you!
* * * LOW HITPOINT WARNING * * *
You hit the slime creature. You claw the slime creature.
The slime creature is severely wounded.
The slime creature hits you!
You die...

###################
#<.#..').#..'..#__#
#..'..#..'..#..@J.+
#..#####'#####'#__#
#..# #..#...#.####
#..# ####..##.#
#..# ##'#..+ #⌠⌠#
+..._# #### #_.#+#
##+#


You could see a slime creature.

Vanquished Creatures
  Sigmund (D)
  An ogre (D)
  A jelly (D)
  Ijyb (D)
4 creatures vanquished.

Notes
Turn   | Place    | Note
--------------------------------------------------------------
     0 | D        | Joat the Demonspawn Gladiator began the quest for the Orb.
     0 | D        | Reached XP level 1. HP: 16/16 MP: 1/1
     2 | D        | Noticed Ijyb
    18 | D        | Killed Ijyb
    18 | D        | Reached skill level 5 in Long Blades
    18 | D        | Gained mutation: You have sharp toenails. [demonic ancestry]
    18 | D        | Reached XP level 2. HP: 9/22 MP: 2/2
   195 | D        | Noticed an ogre
   201 | D        | Killed an ogre
   201 | D        | Reached skill level 6 in Unarmed Combat
   201 | D        | Reached XP level 3. HP: 27/27 MP: 3/3
   201 | D        | Gained mutation: You are immune to rotting. [demonic ancestry]
   201 | D        | Reached XP level 4. HP: 33/33 MP: 4/4
   223 | D        | Noticed Sigmund
   242 | D        | Killed Sigmund
   242 | D        | Reached skill level 10 in Unarmed Combat
   242 | D        | Reached XP level 5. HP: 3/38 MP: 5/5
   539 | D        | Found a deep blue altar of Sif Muna.
   541 | D        | Found a radiant altar of Vehumet.
   544 | D        | Gained mutation: You have razor-sharp toenails. [demonic ancestry]
   544 | D        | Reached XP level 6. HP: 42/46 MP: 6/6
   580 | D        | Found a snail-covered altar of Cheibriados.
   580 | D        | Found a viscous altar of Jiyva.
   580 | D        | Found a shadowy altar of Dithmenos.
   580 | D        | Found a blossoming altar of Fedhas.
   580 | D        | Noticed a slime creature
   590 | D        | Mangled by a slime creature

Skill      XL: |  1  2  3  4 |
---------------+-------------+-----
Long Blades    | 5 |  5.9
Unarmed Combat | 6 10 | 10.2
Fighting       | |  2.6
Throwing       | |  1.7
Dodging        | |  2.6

Action                   |  1- 3 |  4- 6 || total
-------------------------+-------+-------++-------
Melee: Long sword        |    20 |       ||    20
       Kick              |     4 |    10 ||    14
       Unarmed           |       |    26 ||    26
  Use: Potion            |     1 |       ||     1
Armor: Leather armour    |     4 |     1 ||     5
       Robe              |       |     1 ||     1
Dodge: Dodged            |    11 |     8 ||    19
